 Dungeon Crawl Stone Soup version 0.27.1-33-g824d729ab1 (webtiles) character file.

Game seed: 16180722987170334346

75 Destapler the Magician (level 4, -2/24 HPs)
             Began as a Deep Elf Air Elementalist on Dec 27, 2021.
             Was a Follower of Fedhas.
             Slain by Ijyb (4 damage)
             ... on level 3 of the Dungeon.
             The game lasted 00:08:52 (2742 turns).

Destapler the Magician (Deep Elf Air Elementalist)  Turns: 2742, Time: 00:08:54

Health: -2/24      AC:  2    Str:  5    XL:     4   Next: 11%
Magic:  6/11       EV: 13    Int: 21    God:    Fedhas [*.....]
Gold:   45         SH:  0    Dex: 15    Spells: 8/9 levels left

rFire    . . .     SeeInvis .   p - +3 dagger
rCold    . . .     Faith    .   (no shield)
rNeg     . . .     Spirit   .   a - +0 robe
rPois    .         Reflect  .   (no helmet)
rElec    .         Harm     .   (no cloak)
rCorr    .         Rampage  .   (no gloves)
Will     .....                  (no boots)
Stlth    +.........             (no amulet)
HPRegen  0.08/turn              b - +4 ring of slaying
MPRegen  0.12/turn              (no ring)

@: confused, mighty
A: no potion heal 1
a: Renounce Religion


You were on level 3 of the Dungeon.
You worshipped Fedhas.
Fedhas was aware of your devotion.
You visited 1 branch of the dungeon, and saw 3 of its levels.

You collected 45 gold pieces.

Inventory:

Hand Weapons
 c - a +1 dagger of venom
 p - a +3 dagger (weapon)
Armour
 a - a +0 robe (worn)
Jewellery
 b - a +4 ring of slaying (left hand)
Scrolls
 e - 3 scrolls of identify {unknown}
 f - a scroll of acquirement {unknown}
 h - 2 scrolls of teleportation {unknown}
 j - a scroll of amnesia {unknown}
 k - a scroll of fog {unknown}
 l - a scroll of enchant weapon {unknown}
 m - a scroll of noise {unknown}
 o - a scroll of blinking {unknown}
Potions
 d - a potion of mutation
 n - a potion of haste {unknown}


   Skills:
 + Level 0.6 Fighting
 + Level 1.1 Short Blades
 + Level 1.0 Armour
 + Level 3.1 Dodging
 - Level 3.0 Stealth
 + Level 3.4 Spellcasting
 + Level 2.0 Conjurations
 - Level 3.0 Air Magic
 + Level 0.1 Invocations


You had 8 spell levels left.
You knew the following spells:

 Your Spells              Type           Power      Damage    Failure   Level
a - Shock                 Conj/Air       56%        1d6       4%          1

Your spell library contained the following spells:

 Spells                   Type           Power      Damage    Failure   Level
 Static Discharge         Conj/Air       14%        N/A       7%          2
 Swiftness                Air            16%        N/A       11%         3
 Airstrike                Air            8%         N/A       34%         4


Dungeon Overview and Level Annotations

Branches:
Dungeon (3/15)

Altars:
Fedhas

Annotations:
D:3 Ijyb


Innate Abilities, Weirdness & Mutations

Potions are less effective at restoring your health.


Message History

You bump into the rock wall.
Ijyb zaps a wand.
Your will is overpowered!
You are more confused.
You bump into the rock wall.
Ijyb closely misses you.
You bump into the rock wall.
Ijyb barely misses you.
You barely miss Ijyb. Ijyb hits you with a +0 club.
* * * LOW HITPOINT WARNING * * *
You hit Ijyb.
Ijyb is lightly wounded.
Ijyb hits you with a +0 club.
* * * LOW HITPOINT WARNING * * *
You bump into the rock wall.
You feel less confused. Ijyb misses you.
You puncture Ijyb!
Ijyb is heavily wounded.
Ijyb zaps a wand.
Your will is overpowered!
You are confused.
You bump into the rock wall.
Ijyb hits you with a +0 club.
* * * LOW HITPOINT WARNING * * *
You hit Ijyb.
Ijyb is heavily wounded.
Ijyb zaps a wand.
Your will is overpowered!
You are more confused.
The now-empty wand crumbles to dust.
Ijyb blocks your attack.
Ijyb is heavily wounded.
Ijyb closely misses you.
You barely miss Ijyb.
Ijyb is heavily wounded.
Ijyb misses you.
You closely miss Ijyb.
Ijyb is heavily wounded.
Ijyb closely misses you.
You bump into the rock wall.
Ijyb hits you with a +0 club.
* * * LOW HITPOINT WARNING * * *
It was a potion of might.
You feel very mighty all of a sudden.
You bump into the rock wall.
Ijyb hits you with a +0 club.
You die...
Fedhas appreciates your contribution to the ecosystem.

#8.g...8# #...g...#
#8.....8# #g......#
#8...).8# #..g....#
######### #.......#
........######.).##
#.@gg)†)....#
#.#######...# #.#
#...# ##>## #...#
#####...### #...#
.......)<..# #.†.#
######...#.# #....
##.##.# #..### #..
. ...#


You could see Ijyb and a goblin.

Vanquished Creatures
  An adder (D:2)
  A dart slug (D:1)
  A worm (D:2)
  7 ball pythons
  12 goblins
  7 hobgoblins
  4 jackals
  A quokka (D:1)
  9 bats
  3 frilled lizards (D:1)
  4 kobolds
  6 rats
56 creatures vanquished.

Notes
Turn   | Place    | Note
-------+----------+-------------------------------------------
     0 | D:1      | Destapler the Deep Elf Air Elementalist began the quest for
                  | the Orb.
     0 | D:1      | Reached XP level 1. HP: 10/10 MP: 6/6
   485 | D:1      | Reached XP level 2. HP: 15/15 MP: 6/8
   756 | D:1      | Found a faded altar of an unknown god.
  1200 | D:1      | Reached XP level 3. HP: 20/20 MP: 4/9
  2087 | D:2      | Reached skill level 1 in Short Blades
  2492 | D:2      | Reached skill level 1 in Armour
  2492 | D:2      | Reached XP level 4. HP: 24/24 MP: 8/11
  2600 | D:1      | Became a worshipper of Fedhas Madash
  2600 | D:1      | Reached * piety under Fedhas
  2702 | D:3      | Noticed Ijyb
  2708 | D:3      | Gained mutation: Potions are less effective at restoring
                  | your health. [potion of mutation]
  2742 | D:3      | Slain by Ijyb

Illustrated notes

Levels and vault maps discovered:
D:1:      minmay_arrival_shattered_statue, layout_basic,
          dreamdust_ecumenical_altar_statues
D:2:      layout_basic, serial_rivers, chequers_serial_rivers_micro_a,
          chequers_serial_rivers_micro_c, chequers_serial_rivers_room_b,
          chequers_serial_rivers_micro_b, chequers_serial_rivers_micro_b,
          chequers_serial_rivers_room_b, kennysheep_generic_room_12
D:3:      kennysheep_the_goblin_king, layout_loops_ring,
          ashenzari_conservatory_becter, hangedman_abyss_or_decor_lesser_grid,
          kennysheep_generic_room_7

Skill      XL: |  1  2  3  4 |
---------------+-------------+-----
Stealth        | 3 |  3.0
Dodging        | 3 |  3.1
Short Blades   | 1 |  1.1
Armour         | 1 |  1.0
Conjurations   | 2 |  2.0
Fighting       | |  0.6
Spellcasting   | |  3.4
Air Magic      | |  3.0
Invocations    | |  0.1

Action                   |  1- 3 |  4- 6 || total
-------------------------+-------+-------++-------
Melee: Dagger            |    18 |    14 ||    32
 Cast: Shock             |    88 |    11 ||    99
  Use: Potion            |       |     3 ||     3
 Stab: Sleeping          |     2 |       ||     2
Armor: Robe              |     4 |       ||     4
Dodge: Dodged            |    26 |    13 ||    39
